 Dungeon Crawl Stone Soup version 0.31-a0-152-g6aa68a64a1 (webtiles) character file.

Game seed: 6254820311514718410

203 qw the Shooter (level 5, 0/49 HPs)
             Began as a Naga Hunter on June 10, 2023.
             Slain by an orc wizard
             ... wielding a +0 dagger
              (1 damage)
             ... on level 4 of the Dungeon.
             The game lasted 00:01:12 (3333 turns).

qw the Shooter (Naga Hunter)                        Turns: 3333, Time: 00:01:12

Health: 0/49       AC:  6    Str: 12 (14) XL:     5   Next: 81%
Magic:  5/5        EV:  9    Int:  8 (9)  God:
Gold:   123        SH:  0    Dex: 14 (16) Spells: 4/4 levels left

rFire   . . .        Y - +0 shortbow
rCold   . . .        (shield currently unavailable)
rNeg    . . .        c - +0 leather armour
rPois   +            j - +0 helmet
rElec   .            h - +1 cloak
rCorr   .            (no gloves)
SInv    +            (no barding)
Will    .....        (no amulet)
Stlth   ++           (no ring)
HPRegen 0.28/turn    (no ring)
MPRegen 0.09/turn

%: no passive effects
@: about to teleport, very slow
A: AC +1, large, see invisible, deformed body, poison resistance, slowness 2,
spit poison 1, naga tail 1
a: Spit Poison


You were on level 4 of the Dungeon.
You visited 2 branches of the dungeon, and saw 6 of its levels.

You collected 123 gold pieces.


Innate Abilities, Weirdness & Mutations

Your serpentine skin is tough. (AC +1)
You have supernaturally acute eyesight. (SInv)
Armour fits poorly on your strangely shaped body.
Your system is resistant to poisons. (rPois)
You cover ground very slowly.
You can spit poison.
You have a snake-like lower body.


   Skills:
 - Level 3.2 Fighting
 + Level 5.7 Ranged Weapons
 - Level 1.5 Dodging
 - Level 1.5 Stealth


You had 4 spell levels left.
You didn't know any spells.
Your spell library was empty.

Inventory:

Hand Weapons
 Y - a +0 shortbow (weapon)
Armour
 c - a +0 leather armour (worn)
 h - a +1 cloak (worn)
 j - a +0 helmet (worn)
Scrolls
 i - a scroll of identify
Potions
 d - a potion of curing {unknown}
 e - a potion of brilliance {unknown}
 g - a potion of ambrosia {unknown}
 n - a potion of invisibility {unknown}

Dungeon Overview and Level Annotations

Branches:
Dungeon (5/15)             Temple (1/1) D:4

Altars:
Cheibriados
Dithmenos
Fedhas
Kikubaaqudgha
Qazlal
Trog
Uskayaw
Vehumet
Wu Jian
Zin
The Shining One

Shops:
D:4 !

Annotations:
D:3 2 transporters, qw's ghost, amateur MiHu


Message History

The orc wizard points at you and mumbles some strange words.
The puff of flame hits you.
The orc priest calls down the wrath of Beogh upon you.
Beogh smites you! The iguana bites you!
3329 ||| STAIRDANCE The orc hits you with a +0 short sword.
The iguana bites you.
You climb upwards.
There is a stone staircase leading down here.
Enter note:
Enter note:
Enter note:
Enter note:
Enter note:
Enter note:
Enter note:
Enter note:
Enter note:
Enter note:
Enter note:
Enter note:
Enter note:
Enter note:
Enter note: You shoot an arrow.
The arrow misses the orc wizard.
The iguana bites you! The orc barely misses you.
The orc wizard hits you with a +0 dagger.
You shoot an arrow. The arrow misses the orc wizard.
You have got your breath back.
The iguana bites you! The orc wizard casts a spell at you.
You resist with some effort. The orc hits you but does no damage.
The orc wizard hits you with a +0 dagger.
The iguana barely misses you. The orc hits you but does no damage.
3333 ||| READING scroll of teleportation.
As you read the scroll of teleportation, it crumbles to dust.
You feel strangely unstable.
The iguana bites you but does no damage.
The orc hits you but does no damage.
The orc wizard hits you with a +0 dagger.
You die...

#.#.##############.#..#.#
#.#.##................#.#
#.#.###############..##.####
#.#.# #...........
#.#.######### #.##..#.###.
#...........# #.#.......#.
### #...........#
#.#...#.#.#. ..#
#..........o# #.#.....#.#.
#.####.........l@#
#.#...#.#.#.
....##..........o#
#.#.....#.#.
####.#.#.#########
#.#.#.....#. ...#.#.#.#
#.#.#######. .\.#.#.#.#
#.#.# #. ...#.#.#.# #.#.# #.
.>.#.#[#.# #.#.# #.
?.J#.#.#.# #.#.# #.
####.#.#.# #.#.# #.


You could see an iguana, an orc wizard (poisoned) and an orc.

Vanquished Creatures
  Jessica (D:2)
  Natasha (twice) (D:2)
  3 adders
  3 dart slugs
  5 orcs
  5 bats
  10 endoplasms
  5 giant cockroaches
  11 goblins
  7 hobgoblins
  5 jackals
  3 quokkas (D:1)
  8 ball pythons
  7 frilled lizards
  7 kobolds
  5 rats
87 creatures vanquished.

Notes
Turn   | Place    | Note
-------+----------+-------------------------------------------
     0 | D:1      | qw the Naga Hunter began the quest for the Orb.
     0 | D:1      | Reached XP level 1. HP: 19/19 MP: 1/1
     0 | D:1      | 0 ||| qw: Version: 0.2-a-29-g0080da8
     0 | D:1      | 0 ||| qw: Game counter: 3824
     0 | D:1      | 0 ||| qw: Always use a shield: true
     0 | D:1      | 0 ||| qw: God list: Okawaru
     0 | D:1      | 0 ||| qw: Allow faded altars: false
     0 | D:1      | 0 ||| qw: Do Orc after D:15 true
     0 | D:1      | 0 ||| qw: Do second Lair branch before Depths: true
     0 | D:1      | 0 ||| qw: Lair rune preference: random
     0 | D:1      | 0 ||| qw: Plans: Normal
     0 | D:1      | 0 ||| PLANNING D:1-11
    22 | D:1      | 22 ||| INVOKING Spit Poison.
    31 | D:1      | 31 ||| INVOKING Spit Poison.
    36 | D:1      | 36 ||| INVOKING Spit Poison.
    39 | D:1      | 39 ||| INVOKING Spit Poison.
    88 | D:1      | 88 ||| INVOKING Spit Poison.
    95 | D:1      | 95 ||| INVOKING Spit Poison.
    98 | D:1      | Reached skill level 4 in Ranged Weapons
    98 | D:1      | Reached XP level 2. HP: 26/26 MP: 2/2
   176 | D:1      | 176 ||| INVOKING Spit Poison.
   187 | D:1      | 187 ||| INVOKING Spit Poison.
   191 | D:1      | 191 ||| INVOKING Spit Poison.
   192 | D:1      | 192 ||| INVOKING Spit Poison.
   212 | D:1      | 212 ||| INVOKING Spit Poison.
   218 | D:1      | 218 ||| INVOKING Spit Poison.
   315 | D:1      | 315 ||| INVOKING Spit Poison.
   321 | D:1      | 321 ||| INVOKING Spit Poison.
   337 | D:1      | 337 ||| INVOKING Spit Poison.
   342 | D:1      | 342 ||| INVOKING Spit Poison.
   351 | D:1      | 351 ||| INVOKING Spit Poison.
   362 | D:1      | 362 ||| INVOKING Spit Poison.
   365 | D:1      | Reached XP level 3. HP: 32/32 MP: 3/3
   484 | D:1      | Found a faded altar of an unknown god.
   543 | D:1      | 543 ||| READING scroll labelled BISHAJ MOLY.
   544 | D:1      | 544 ||| READING scroll labelled PUMAVE HUNENUO.
   549 | D:1      | 549 ||| READING scroll labelled LIFAUM GIKHLONI.
   550 | D:1      | 550 ||| READING scroll labelled AFOLAL ZIZXE.
   551 | D:1      | 551 ||| DROPPING scroll of butterflies.
   587 | D:2      | 587 ||| INVOKING Spit Poison.
   640 | D:2      | 640 ||| INVOKING Spit Poison.
   645 | D:2      | 645 ||| INVOKING Spit Poison.
   791 | D:2      | 791 ||| INVOKING Spit Poison.
   803 | D:2      | 803 ||| INVOKING Spit Poison.
   806 | D:2      | 806 ||| INVOKING Spit Poison.
   820 | D:2      | 820 ||| INVOKING Spit Poison.
   893 | D:2      | 893 ||| INVOKING Spit Poison.
   908 | D:2      | 908 ||| INVOKING Spit Poison.
   915 | D:2      | 915 ||| INVOKING Spit Poison.
   919 | D:2      | Noticed Jessica
   922 | D:2      | 922 ||| INVOKING Spit Poison.
   924 | D:2      | Killed Jessica
   925 | D:2      | Reached skill level 5 in Ranged Weapons
   925 | D:2      | Reached XP level 4. HP: 39/39 MP: 4/4
   932 | D:2      | 932 ||| INVOKING Spit Poison.
  1021 | D:2      | Noticed Natasha
  1023 | D:2      | 1023 ||| INVOKING Spit Poison.
  1024 | D:2      | Killed Natasha
  1030 | D:2      | 1030 ||| INVOKING Spit Poison.
  1076 | D:2      | 1076 ||| INVOKING Spit Poison.
  1113 | D:2      | 1113 ||| INVOKING Spit Poison.
  1149 | D:2      | Noticed Natasha
  1155 | D:2      | 1155 ||| INVOKING Spit Poison.
  1158 | D:2      | Killed Natasha
  1159 | D:2      | Reached skill level 3 in Fighting
  1159 | D:2      | Reached XP level 5. HP: 36/49 MP: 5/5
  1317 | D:2      | 1317 ||| UPGRADING to +1 cloak.
  1322 | D:2      | 1322 ||| READING scroll labelled WEVEPL ZEIKYW.
  1323 | D:2      | 1323 ||| READING scroll labelled KIK ROQIKHOMOK.
  1439 | D:3      | Found an ancient bone altar of Kikubaaqudgha.
  1442 | D:3      | 1442 ||| INVOKING Spit Poison.
  1445 | D:3      | 1445 ||| INVOKING Spit Poison.
  1460 | D:3      | 1460 ||| INVOKING Spit Poison.
  1465 | D:3      | 1465 ||| INVOKING Spit Poison.
  1469 | D:3      | 1469 ||| INVOKING Spit Poison.
  1473 | D:3      | 1473 ||| INVOKING Spit Poison.
  1478 | D:3      | 1478 ||| INVOKING Spit Poison.
  1486 | D:3      | 1486 ||| FLEEEEING.
  1489 | D:3      | 1489 ||| FLEEEEING.
  1490 | D:3      | 1490 ||| FLEEEEING.
  1491 | D:3      | 1491 ||| STAIRDANCE
  1534 | D:3      | 1534 ||| INVOKING Spit Poison.
  1543 | D:3      | 1543 ||| STAIRDANCE
  1563 | D:3      | 1563 ||| STAIRDANCE
  1582 | D:3      | 1582 ||| INVOKING Spit Poison.
  1599 | D:3      | 1599 ||| INVOKING Spit Poison.
  1663 | D:3      | 1663 ||| INVOKING Spit Poison.
  1743 | D:3      | Identified the +2 scale mail "Kaonyan" {Slay+2}
  1788 | D:3      | Noticed qw's ghost (amateur MiHu)
  1789 | D:3      | Found a transporter.
  1797 | D:3      | 1797 ||| INVOKING Spit Poison.
  1803 | D:3      | 1803 ||| INVOKING Spit Poison.
  1831 | D:3      | 1831 ||| INVOKING Spit Poison.
  1845 | D:3      | Found a blossoming altar of Fedhas.
  1956 | D:3      | Found a transporter.
  2001 | D:3      | 2001 ||| INVOKING Spit Poison.
  2041 | D:3      | 2041 ||| DROPPING +0 robe of positive energy.
  2042 | D:3      | 2042 ||| UPGRADING to +0 helmet.
  2047 | D:3      | 2047 ||| READING scroll labelled UFODE SAOWAE.
  2048 | D:3      | 2048 ||| READING scroll labelled XIAGGE TEMUE.
  2049 | D:3      | 2049 ||| READING scroll labelled FOUCSI MYOC.
  2050 | D:3      | 2050 ||| DRINKING 2 purple potions.
  2065 | D:4      | 2065 ||| INVOKING Spit Poison.
  2076 | D:4      | Found a stormy altar of Qazlal.
  2108 | D:4      | Found Cihoneuc's Distillery.
  2115 | D:4      | 2115 ||| INVOKING Spit Poison.
  2242 | D:4      | Identified the +1 dagger of qw's Woe {heavy, Fly Int-5
                  | Dex+4}
  2362 | D:4      | 2362 ||| INVOKING Spit Poison.
  2381 | D:4      | 2381 ||| INVOKING Spit Poison.
  2390 | D:4      | Found a staircase to the Ecumenical Temple.
  2391 | D:4      | 2391 ||| PLANNING TEMPLE
  2391 | D:4      | 2391 ||| DRINKING 2 dark potions.
  2392 | D:4      | 2392 ||| READING 2 scrolls of identify.
  2392 | D:4      | 2392 ||| IDENTIFYING metallic black potion
  2393 | D:4      | 2393 ||| DROPPING potion of lignification.
  2394 | D:4      | 2394 ||| DROPPING potion of degeneration.
  2401 | Temple   | Entered the Ecumenical Temple
  2511 | Temple   | 2511 ||| PLANNING D:1-11
  2538 | D:4      | Noticed a black bear
  2539 | D:4      | 2539 ||| INVOKING Spit Poison.
  2544 | D:4      | 2544 ||| INVOKING Spit Poison.
  2550 | D:4      | HP: 11/49 [black bear (7)]
  2551 | D:4      | 2551 ||| READING 2 scrolls of teleportation.
  2552 | D:4      | 2552 ||| DRINKING potion of heal wounds.
  2553 | D:4      | 2553 ||| INVOKING Spit Poison.
  2554 | D:4      | 2554 ||| INVOKING Spit Poison.
  2790 | D:4      | 2790 ||| INVOKING Spit Poison.
  2876 | D:4      | 2876 ||| INVOKING Spit Poison.
  3122 | D:4      | 3122 ||| INVOKING Spit Poison.
  3323 | D:5      | Entered Level 5 of the Dungeon
  3324 | D:5      | 3324 ||| INVOKING Spit Poison.
  3328 | D:5      | 3328 ||| INVOKING Spit Poison.
  3329 | D:5      | 3329 ||| STAIRDANCE
  3332 | D:4      | HP: 4/49 [iguana (12)]
  3332 | D:4      | HP: 1/49 [orc wizard/+0 dagger (3)]
  3333 | D:4      | 3333 ||| READING scroll of teleportation.
  3333 | D:4      | Slain by an orc wizard

Levels and vault maps discovered:
D:1:      tarquinn_simple_flora_water_d, layout_rooms,
          hellmonk_ecumenical_altar_inner_sanctum,
          corexii_item_surrounded_by_moat
D:2:      layout_basic, minivault_14, minmay_worlds_worst_comb, uniq_natasha,
          uniq_jessica
D:3:      layout_rooms, mainiacjoe_overflow_concentric_impassable,
          mainiacjoe_overflow_small_starburst, gammafunk_ghost_smash
D:4:      layout_basic, nicolae_qazlal_general_emergency,
          minmay_temple_entry_mist, nicolae_take_the_stairs
D:5:      layout_loops_cross, mainiacjoe_overflow_24_doors,
          nicolae_gozag_cash_rules_everything_around_me,
          ebering_ghost_rock_garden, st_stairs_13, uniq_eustachio,
          uniq_crazy_yiuf_cottage
Temple:   nicolae_temple_two_arcs

Skill      XL: |  1  2  3  4 |
---------------+-------------+-----
Ranged Weapons | 4 5 |  5.7
Fighting       | 3 |  3.2
Dodging        | |  1.5
Stealth        | |  1.5

Action                     |  1- 3 |  4- 6 || total
---------------------------+-------+-------++-------
   Fire: Shortbow          |    66 |   106 ||   172
Ability: Spit Poison       |    28 |    33 ||    61
    Use: Scroll            |     4 |     8 ||    12
         Potion            |       |     3 ||     3
 Armour: Leather armour    |     9 |    40 ||    49
  Dodge: Dodged            |    18 |    38 ||    56

Table legend:
 A = Non-vault XP
 B = Vault XP
 C = Vault XP percentage of total XP
 D = Non-vault monster count
 E = Vault monster count
 F = Vault count percentage of total count
                 A         B        C        D         E       F
            +---------+---------+-------+---------+---------+-------
      Total |     215 |      76 |  26.1 |      83 |       4 |   4.6
            +---------+---------+-------+---------+---------+-------
        D:1 |      37 |       0 |   0.0 |      24 |       0 |   0.0
        D:2 |      72 |      76 |  51.4 |      18 |       4 |  18.2
        D:3 |      81 |       0 |   0.0 |      30 |       0 |   0.0
        D:4 |      25 |       0 |   0.0 |      11 |       0 |   0.0
            +---------+---------+-------+---------+---------+-------
